 Dungeon Crawl Stone Soup version 0.21-a0-630-g344d351 (webtiles) character file.

7603 Meli the Cleaver (level 11, -2/95 HPs)
             Began as a Hill Orc Fighter on Dec 26, 2017.
             Was an Elder of Cheibriados.
             Slain by a wolf (4 damage)
             ... led by Grum
             ... on level 8 of the Dungeon.
             The game lasted 00:28:59 (7272 turns).

Meli the Cleaver (Hill Orc Fighter)                 Turns: 7272, Time: 00:28:59

Health: -2/95      AC: 10    Str: 33    XL:     11   Next: 17%
Magic:  19/19      EV:  7    Int: 18    God:    Cheibriados [****..]
Gold:   388        SH: 17    Dex: 20    Spells: 10/10 levels left

rFire    . . .     SeeInvis .   a - +1 war axe
rCold    . . .     Gourm    .   c - +1 shield
rNeg     + . .     Faith    .   m - +0 chain mail
rPois    .         Spirit   .   (no helmet)
rElec    .         Reflect  +   (no cloak)
rCorr    .         Harm     .   (no gloves)
MR       .....                  (no boots)
Stlth    ..........             k - +3 amulet of reflection
HPRegen  0.25/turn              d - ring of positive energy
MPRegen  0.16/turn              (no ring)

@: very slightly contaminated, very slow
A: no striking features
a: Bend Time, Temporal Distortion, Slouch, Renounce Religion


You were on level 8 of the Dungeon.
You worshipped Cheibriados.
Cheibriados was greatly pleased with you.
You were not hungry.

You visited 1 branch of the dungeon, and saw 8 of its levels.

You collected 388 gold pieces.

Inventory:

Hand Weapons
 a - a +1 war axe (weapon)
Missiles
 b - 3 silver tomahawks (quivered)
Armour
 c - a +1 shield (worn)
 m - a +0 chain mail (worn)
Jewellery
 d - a ring of positive energy (left hand)
 k - a +3 amulet of reflection (around neck)
Wands
 t - a wand of polymorph (27)
 w - a wand of acid (7)
 y - a wand of enslavement (19)
Scrolls
 e - 2 scrolls of remove curse
 i - 2 scrolls of fog
 l - a scroll of fear
 r - a scroll of magic mapping
Potions
 g - 3 potions of cancellation
 h - a potion of ambrosia
 j - a potion of haste {unknown}
 o - 2 potions of flight
 p - 2 potions of agility
 q - a potion of curing {unknown}
 s - a potion of brilliance {unknown}
 u - a potion of heal wounds {unknown}
 v - a potion of invisibility {unknown}
Books
 n - a book of Maledictions

   Spells                             Type                      Level
   a - Corona                         Hexes                        1
   b - Ensorcelled Hibernation        Hexes/Ice                    2
   c - Confuse                        Hexes                        3
   d - Tukima's Dance                 Hexes                        3
   e - Dazzling Spray                 Conjuration/Hexes            3
Comestibles
 f - 17 rations


   Skills:
 + Level 8.9 Fighting
 * Level 12.3 Axes
 + Level 8.1 Armour
 + Level 8.3 Shields
 * Level 11.8 Invocations


You had 10 spell levels left.
You didn't know any spells.

Dungeon Overview and Level Annotations

Branches:
Dungeon (8/15)             Temple (0/1) D:4
   Lair: D:8-11

Altars:
Cheibriados
Hepliaklqana
Kikubaaqudgha
Sif Muna

Shops:
D:5 %


Message History

The wolf is heavily wounded.
The wolf barely misses you. You block the wolf's attack.
You miss the wolf.
The wolf is heavily wounded.
The wolf bites you but does no damage. You block the wolf's attack.
You hit the wolf but do no damage.
The wolf is heavily wounded.
You block the wolf's attack.
The wolf howls!
You block the wolf's attack. x2
You block the wolf's attack. x3
The wolf bites you.
* * * LOW HITPOINT WARNING * * *
The wolf bites you but does no damage. x2
You block the wolf's attack. The wolf bites you.
* * * LOW HITPOINT WARNING * * *
You block the wolf's attack. The wolf completely misses you.
You block the wolf's attack. x2; The wolf bites you but does no damage.
The wolf bites you.
You die...

#.#.# #.#.# # ## ### # ## #.#.#
.#. #.# ### #.. #...# #.. #.##
#.. ... #...# #.# ###..# #.. ...#
##...###.######....## #. ....
#.....##.((##.......###.
....######.....)..#....#####..##.
................@####.## ##..#.
......######...h.# #.# ##...
...#..## #..hh## #.# #...
...##..## #...O# #.. ##.#
....##..## #...#####... #.#
.........###..........#. #.#
..........#..........### #..
............#...h##..# #...
............##....# .# #...


You could see a two-headed ogre, 2 wolves and a hound.

Vanquished Creatures
  The ghost of Vinniefish the Sneak, a novice OpWz of Vehumet (D:7)
  Pikel (D:7)
  Grinder (D:5)
  A hippogriff (D:7)
  Grum (D:8)
  A hungry ghost (D:7)
  Duvessa (D:5)
  2 orc warriors
  An ice beast (D:5)
  4 slaves (D:7)
  A black bear (D:6)
  2 sky beasts
  2 phantoms
  An ogre (D:6)
  3 centaurs
  2 wolves (D:8)
  Blork the orc (D:6)
  7 bullfrogs
  Dowan (D:5)
  3 wights (D:6)
  3 scorpions
  A crimson imp (D:5)
  A quasit (D:6)
  2 orc wizards
  3 hounds
  A centaur skeleton (D:6)
  An orc priest (D:6)
  2 jellies
  2 worker ants
  2 hound skeletons
  A howler monkey zombie (D:6)
  9 adders
  A shadow imp (D:8)
  An ooze (D:6)
  An adder zombie (D:6)
  4 worms
  2 dart slugs
  3 leopard geckos
  19 orcs
  7 bats
  A bat zombie (D:7)
  12 giant cockroaches
  6 goblins
  7 hobgoblins
  11 jackals
  4 quokkas
  A ball python skeleton (D:4)
  5 frilled lizards
  11 kobolds
  26 rats
  A rat zombie (D:7)
188 creatures vanquished.

Notes
Turn   | Place    | Note
-------+----------+-------------------------------------------
     0 | D:1      | Meli the Hill Orc Fighter began the quest for the Orb.
     0 | D:1      | Reached XP level 1. HP: 19/19 MP: 1/1
   172 | D:1      | Reached skill level 3 in Axes
   187 | D:1      | Reached XP level 2. HP: 27/27 MP: 2/2
   462 | D:1      | Reached XP level 3. HP: 30/33 MP: 3/3
  1205 | D:2      | Found a deep blue altar of Sif Muna.
  1205 | D:2      | Found a snail-covered altar of Cheibriados.
  1209 | D:2      | Became a worshipper of Cheibriados the Contemplative
  1505 | D:2      | Reached XP level 4. HP: 40/40 MP: 4/4
  1555 | D:3      | Reached skill level 1 in Invocations
  1559 | D:3      | Reached skill level 4 in Axes
  1588 | D:3      | Reached * piety under Cheibriados
  2114 | D:3      | Reached ** piety under Cheibriados
  2198 | D:3      | Reached XP level 5. HP: 46/46 MP: 6/6
  2328 | D:3      | Found a hazy altar of Hepliaklqana.
  2390 | D:4      | Found a staircase to the Ecumenical Temple.
  2390 | D:4      | Noticed a phantom
  3091 | D:4      | Killed a phantom
  3091 | D:4      | Reached skill level 5 in Axes
  3091 | D:4      | Reached XP level 6. HP: 47/53 MP: 6/8
  3523 | D:4      | Reached *** piety under Cheibriados
  3620 | D:5      | Entered Level 5 of the Dungeon
  3620 | D:5      | Noticed an ice beast
  3636 | D:5      | Killed an ice beast
  3636 | D:5      | Reached XP level 7. HP: 31/60 MP: 8/10
  3794 | D:5      | Noticed Grinder
  3808 | D:5      | Killed Grinder
  3808 | D:5      | Reached skill level 5 in Fighting
  3808 | D:5      | Reached skill level 6 in Axes
  3844 | D:5      | Reached skill level 5 in Shields
  3844 | D:5      | Reached skill level 5 in Invocations
  3953 | D:5      | Found Kick's Food Boutique.
  4081 | D:5      | Noticed Duvessa
  4084 | D:5      | Noticed Dowan
  4091 | D:5      | Was placed under penance by Cheibriados
  4095 | D:5      | Killed Duvessa
  4095 | D:5      | Reached XP level 8. HP: 25/69 MP: 10/12
  4097 | D:5      | Killed Dowan
  4512 | D:5      | Was forgiven by Cheibriados
  4595 | D:5      | Reached skill level 7 in Axes
  4750 | D:5      | Reached skill level 5 in Armour
  5057 | D:6      | Noticed Blork the orc
  5064 | D:6      | Killed Blork the orc
  5726 | D:6      | Reached skill level 8 in Axes
  5759 | D:6      | Reached XP level 9. HP: 63/75 MP: 14/14
  6148 | D:7      | Reached skill level 9 in Axes
  6184 | D:7      | Noticed Vinniefish's ghost (novice OpWz)
  6191 | D:7      | Killed Vinniefish's ghost
  6255 | D:7      | Reached **** piety under Cheibriados
  6454 | D:7      | Found an ancient bone altar of Kikubaaqudgha.
  6707 | D:8      | Noticed Pikel
  6724 | D:7      | Reached skill level 10 in Axes
  6724 | D:7      | Reached XP level 10. HP: 59/86 MP: 16/16
  6835 | D:7      | Reached skill level 12 in Axes
  6835 | D:7      | Reached XP level 11. HP: 95/95 MP: 16/19
  6943 | D:7      | Killed Pikel
  7224 | D:8      | Noticed Grum
  7231 | D:8      | Noticed a two-headed ogre
  7242 | D:8      | Killed Grum
  7255 | D:8      | HP: 1/95 [two-headed ogre/giant club (23)]
  7269 | D:8      | HP: 3/95 [wolf[Grum] (3)]
  7270 | D:8      | HP: 1/95 [wolf[Grum] (2)]
  7272 | D:8      | Slain by a wolf

Vault maps used:
D:1:      dpeg_arrival_water_temple_mockup, serial_forest,
          infiniplex_forest_clump_long, infiniplex_forest_lined_room_2,
          infiniplex_forest_straight_3, infiniplex_forest_end_1,
          infiniplex_forest_clump_tiny, infiniplex_forest_end_1,
          infiniplex_forest_clump_diagonal, minmay_box_of_dots
D:2:      gammafunk_temple_overflow_wave, grunt_ministairs_6,
          serial_bayou_pond_c
D:3:      old_standard_altar, minmay_rat_hole
D:4:      temple_fountains
D:5:      serial_shops, nicolae_shop_crystal, first_ration, lemuel_flame_loot_1,
          uniq_duvessa, uniq_grinder
D:6:      uniq_blork_the_orc
D:7:      lemuel_zombie_altar_kikubaaqudgha
D:8:      gammafunk_temple_overflow_statue, serial_shops, kennysheep_mini,
          grunt_livestock, solitary_fountain, uniq_pikel, uniq_grum

Skill      XL: |  1  2  3  4  5  6  7  8  9 10 11 |
---------------+----------------------------------+-----
Axes           | 3 4 5 6 8 10 12 | 12.3
Fighting       | 4 5 6 7 8 |  8.9
Shields        | 4 5 6 8 |  8.3
Invocations    | 2 3 4 5 7 9 11 | 11.8
Armour         | 4 5 6 7 8 |  8.1

Action                   |  1- 3 |  4- 6 |  7- 9 | 10-12 || total
-------------------------+-------+-------+-------+-------++-------
Melee: War axe           |   136 |   241 |   233 |    63 ||   673
Invok: Bend Time         |     1 |     1 |       |       ||     2
  Use: Potion            |       |     1 |     4 |     3 ||     8
       Scroll            |       |       |    18 |     2 ||    20
  Eat: Ration            |     1 |     2 |     3 |       ||     6
Armor: Scale mail        |    73 |    91 |    21 |       ||   185
       Chain mail        |       |       |    75 |    23 ||    98
       Skin              |       |       |       |    22 ||    22
Dodge: Dodged            |    44 |    58 |    42 |    21 ||   165
Block: Shield            |    82 |   138 |   178 |   105 ||   503

Table legend:
 A = Spawn XP
 B = Non-spawn XP
 C = Spawn XP percentage of total XP
 D = Spawn monster count
 E = Non-spawn monster count
 F = Spawn count percentage of total count
 G = Total turns spent on level
                    A         B        C        D         E        F      G
               +---------+---------+-------+---------+---------+-------+---------
         Total |       0 |    6276 |   0.0 |       0 |     184 |   0.0 |  7272
               +---------+---------+-------+---------+---------+-------+---------
           D:1 |       0 |      45 |   0.0 |       0 |      26 |   0.0 |  1004
           D:2 |       0 |      45 |   0.0 |       0 |      17 |   0.0 |   523
           D:3 |       0 |      91 |   0.0 |       0 |      53 |   0.0 |  1481
           D:4 |       0 |     310 |   0.0 |       0 |      14 |   0.0 |   612
           D:5 |       0 |    1040 |   0.0 |       0 |      13 |   0.0 |  1346
           D:6 |       0 |    1470 |   0.0 |       0 |      28 |   0.0 |  1167
           D:7 |       0 |    2539 |   0.0 |       0 |      20 |   0.0 |   835
           D:8 |       0 |     736 |   0.0 |       0 |      13 |   0.0 |   304
               +---------+---------+-------+---------+---------+-------+---------
